 Dungeon Crawl Stone Soup version 0.26.1-11-gd32895ea62 (webtiles) character file.

Game seed: 6459565658677185

77 infcreate the Grave Robber (level 4, -2/32 HPs)
             Began as a Mummy Necromancer on May 20, 2021.
             Slain by a water moccasin skeleton (8 damage)
             ... on level 3 of the Dungeon.
             The game lasted 00:05:38 (1265 turns).

infcreate the Grave Robber (Mummy Necromancer)      Turns: 1265, Time: 00:05:39

Health: -2/32      AC:  2    Str: 11    XL:     4   Next: 13%
Magic:  4/8        EV: 12    Int: 15    God:
Gold:   82         SH:  0    Dex: 12    Spells: 4/9 levels left

rFire    x . .     SeeInvis .   b - +1 dagger (venom)
rCold    + . .     Faith    .   (no shield)
rNeg     + + +     Spirit   .   a - +0 robe
rPois    ∞         Reflect  .   (no helmet)
rElec    .         Harm     .   (no cloak)
rCorr    .         Rampage  .   (no gloves)
Will     .....                  (no boots)
Stlth    ++........             (no amulet)
HPRegen  0.10/turn              (no ring)
MPRegen  0.11/turn              (no ring)

@: no status effects
A: no potions, fire vulnerability, cold resistance 1, negative energy resistance
3, torment resistance, unbreathing
a: no special abilities


You were on level 3 of the Dungeon.
You visited 1 branch of the dungeon, and saw 3 of its levels.

You collected 82 gold pieces.


Innate Abilities, Weirdness & Mutations

You do not drink.
Your flesh is vulnerable to fire.
You are immune to poison.
Your flesh is cold resistant. (rC+)
You are immune to negative energy. (rN+++)
You are immune to unholy pain and torment.
You can survive without breathing.


   Skills:
 + Level 1.1 Fighting
 + Level 0.8 Staves
 * Level 2.4 Dodging
 - Level 1.5 Stealth
 + Level 3.2 Spellcasting
 * Level 4.5 Necromancy


You had 4 spell levels left.
You knew the following spells:

 Your Spells              Type           Power        Failure   Level
a - Animate Skeleton      Necr           30%          3%          1
p - Pain                  Necr           60%          3%          1
v - Vampiric Draining     Necr           7%           10%         3

Your spell library contained the following spells:

 Spells                   Type           Power        Failure   Level
 Animate Dead             Necr           7%           30%         4
 Agony                    Necr           15%          65%         5

Inventory:

Hand Weapons
 b - a +1 dagger of venom (weapon)
Armour
 a - a +0 robe (worn)

Dungeon Overview and Level Annotations

Branches:
Dungeon (2/15)

Altars:

Annotations:
D:2 1 runed translucent door, Crazy Yiuf

..######......##..........
# #..###..#..w$...... #..#
##.##......... #w##
.###<....... ###.# ..
######...### ###
#........†.# #......rZ..#
#.......o@.# #..........#
############


You could see a worm, an orc, a rat and a water moccasin skeleton.


Message History

The water moccasin skeleton bites you.
* * * LOW HITPOINT WARNING * * *
The rat misses you.
You hit the water moccasin skeleton.
The water moccasin skeleton is lightly damaged.
The water moccasin skeleton barely misses you.
The rat bites you.
* * * LOW HITPOINT WARNING * * *
You are too injured to fight recklessly!
You hit the water moccasin skeleton.
The water moccasin skeleton is lightly damaged.
The orc misses you. The rat closely misses you.
You hit the orc but do no damage. The orc hits you with a +0 dagger.
* * * LOW HITPOINT WARNING * * *
The rat bites you.
* * * LOW HITPOINT WARNING * * *
You hit the orc.
The orc is poisoned.
The orc is heavily wounded.
The orc barely misses you. x2; The rat bites you.
* * * LOW HITPOINT WARNING * * *
You hit the orc but do no damage.
The orc looks as sick as possible!
The orc is almost dead.
You kill the orc!
The orc barely misses you. The rat bites you but does no damage.
The water moccasin skeleton bites you.
* * * LOW HITPOINT WARNING * * *
The rat bites you.
* * * LOW HITPOINT WARNING * * *
The water moccasin skeleton bites you!
You die...

Skill      XL: |  1  2  3 |
---------------+----------+-----
Dodging        | 2 |  2.4
Spellcasting   | 3 |  3.2
Fighting       | 1 |  1.1
Staves         | |  0.8
Stealth        | |  1.5
Necromancy     | |  4.5

Action                   |  1- 3 |  4- 6 || total
-------------------------+-------+-------++-------
Melee: Dagger            |    18 |     7 ||    25
 Cast: Pain              |    67 |     2 ||    69
  Use: Scroll            |     1 |       ||     1
 Stab: Sleeping          |     1 |       ||     1
Armor: Robe              |    10 |     2 ||    12
Dodge: Dodged            |    33 |     9 ||    42

Levels and vault maps discovered:
D:1:      nicolae_arrival_washed_ashore, layout_loops_ring
D:2:      layout_basic, corexii_item_surrounded_by_moat, uniq_crazy_yiuf_cottage
D:3:      layout_rooms, serial_undead, serial_undead_e, serial_undead_a,
          serial_undead_d, serial_undead_f, uniq_jessica, uniq_grinder

Notes
Turn   | Place    | Note
-------+----------+-------------------------------------------
     0 | D:1      | infcreate the Mummy Necromancer began the quest for the
                  | Orb.
     0 | D:1      | Reached XP level 1. HP: 13/13 MP: 4/4
    31 | D:1      | Learned a level 1 spell: Animate Skeleton
   238 | D:1      | Reached XP level 2. HP: 17/20 MP: 1/5
   485 | D:1      | Reached skill level 2 in Dodging
   619 | D:1      | Reached XP level 3. HP: 25/25 MP: 4/7
   856 | D:2      | Found a runed translucent door.
   857 | D:2      | Noticed Crazy Yiuf
   868 | D:2      | Learned a level 3 spell: Vampiric Draining
  1010 | D:2      | Reached skill level 3 in Spellcasting
  1084 | D:2      | Reached skill level 1 in Fighting
  1228 | D:2      | You fall into a shaft and drop 1 floor!
  1251 | D:3      | Reached XP level 4. HP: 29/32 MP: 5/8
  1265 | D:3      | Slain by a water moccasin skeleton

Vanquished Creatures
  3 adders
  2 oozes (D:1)
  A worm (D:2)
  2 leopard geckos
  An orc (D:3)
  A giant cockroach (D:1)
  3 goblins
  3 hobgoblins (D:2)
  2 jackals (D:1)
  A ball python (D:1)
  10 bats
  4 kobolds
  5 rats
38 creatures vanquished.

Table legend: (Time is in decaauts)
 A = Elapsed time spent in this place.
 B = Non-inter-level travel time spent in this place.
 C = Inter-level travel time spent in this place.
 D = Time resting spent in this place.
 E = Time spent auto-exploring this place.
 F = Levels seen in this place.
 G = Mean time per level.
                   A        B        C        D        E       F      G
               +--------+--------+--------+--------+--------+-----+--------+
         Total |   1263 |   1192 |     71 |    365 |      0 |   3 |  421.0 |
       Dungeon |   1263 |   1192 |     71 |    365 |      0 |   3 |  421.0 |
               +--------+--------+--------+--------+--------+-----+--------+

Top non-repeatable levels by time:
     D:1: 824 daAuts
     D:2: 402 daAuts
     D:3: 36 daAuts

Table legend:
 A = Non-vault XP
 B = Vault XP
 C = Vault XP percentage of total XP
 D = Non-vault monster count
 E = Vault monster count
 F = Vault count percentage of total count
                 A         B        C        D         E       F
            +---------+---------+-------+---------+---------+-------
      Total |     110 |       0 |   0.0 |      38 |       0 |   0.0
            +---------+---------+-------+---------+---------+-------
        D:1 |      44 |       0 |   0.0 |      22 |       0 |   0.0
        D:2 |      50 |       0 |   0.0 |      14 |       0 |   0.0
        D:3 |      16 |       0 |   0.0 |       2 |       0 |   0.0
            +---------+---------+-------+---------+---------+-------
